 Dungeon Crawl Stone Soup version 0.27.0-1-g7a089689b8 (webtiles) character file.

Game seed: 9410151613321393155

54 Sobieck the Cudgeller (level 3, 0/23 HPs)
             Began as a Gargoyle Monk on Aug 5, 2021.
             Slain by an orc (2 damage)
             ... on level 2 of the Dungeon.
             The game lasted 00:02:49 (1673 turns).

Sobieck the Cudgeller (Gargoyle Monk)               Turns: 1673, Time: 00:02:49

Health: 0/23       AC:  5    Str: 15    XL:     3   Next: 91%
Magic:  3/3        EV: 12    Int: 10    God:
Gold:   43         SH:  0    Dex: 12    Spells: 2/2 levels left

rFire    . . .     SeeInvis .   d - +2 short sword (elec) {short}
rCold    . . .     Faith    .   (no shield)
rNeg     + . .     Spirit   .   b - +0 robe
rPois    ∞         Reflect  .   (no helmet)
rElec    +         Harm     .   (no cloak)
rCorr    .         Rampage  .   (no gloves)
Will     .....                  (no boots)
Stlth    ++........             (no amulet)
HPRegen  0.07/turn              (no ring)
MPRegen  0.08/turn              (no ring)

@: no status effects
A: sickness immunity, AC +3, negative energy resistance 1, electricity
resistance, torment resistance 1, petrification resistance
a: no special abilities


You were on level 2 of the Dungeon.
You visited 1 branch of the dungeon, and saw 2 of its levels.

You collected 43 gold pieces.


Innate Abilities, Weirdness & Mutations

You are immune to sickness and miasma.
Your stone body is resilient. (AC +3)
You are immune to poison.
You resist negative energy. (rN+)
You are resistant to electric shocks. (rElec)
You are resistant to unholy torment.
You are immune to petrification.


   Skills:
 - Level 3.2 Fighting
 + Level 4.7 Maces & Flails
 - Level 2.4 Dodging
 - Level 2.1 Stealth


You had 2 spell levels left.
You didn't know any spells.
Your spell library was empty.

Inventory:

Hand Weapons
 a - a +0 mace {mace}
 d - a +2 short sword of electrocution (weapon) {short}
   (You took it off a kobold on level 1 of the Dungeon)
 h - a +0 flail {mace}
   (You took it off an orc on level 1 of the Dungeon)
Missiles
 e - a stone (quivered) {throwing}
 g - 12 arrows
Armour
 b - a +0 robe (worn)
Scrolls
 c - a scroll of noise {unknown}
Potions
 f - a potion of ambrosia {unknown}

Dungeon Overview and Level Annotations

Branches:
Dungeon (2/15)

Altars:

Shops:
D:1

( ############
#@o......).#
##########.#####
#.........# #
#......o..# .
#.........##.
+..........#.
#..........#$
..............
#####.#.#####o.


You could see an orc.


Message History

Where to? (? - help)
There is an open door here.
There is a stone staircase leading down here.
You climb downwards.
There is a stone staircase leading up here.
An orc priest comes into view. It is wielding a +0 club.
Danger!
An orc comes into view. It is wielding a +0 club.
Unknown command.
The orc priest shouts!
Danger!
The orc priest looks encouraged for a moment.
An orc comes into view. It is wielding a +0 flail.
The orc priest hits you with a +0 club.
You barely miss the orc priest. The orc priest barely misses you.
An orc comes into view. It is wielding a +0 mace.
The orc shouts! x2
You hit the orc priest.
The orc priest hits you with a +0 club. x2
An orc comes into view. It is wielding a +0 morningstar.
You closely miss the orc priest.
The orc shouts!
The orc priest hits you with a +0 club.
You barely miss the orc priest.
The orc priest hits you but does no damage.
The orc barely misses you.
Unknown command.
The orc priest hits you with a +0 club.
* * * LOW HITPOINT WARNING * * *
Unknown command.
You closely miss the orc priest. The orc priest hits you with a +0 club.
* * * LOW HITPOINT WARNING * * *
You hit the orc priest. The orc priest hits you with a +0 club.
* * * LOW HITPOINT WARNING * * *
You hit the orc priest. The orc priest barely misses you. x2
You sock the orc priest!
You kill the orc priest!
You have reached level 3!
Your experience leads to an increase in your attributes!
Increase (S)trength, (I)ntelligence, or (D)exterity?
You feel stronger.
The orc curses to no one in particular.
There is a stone staircase leading up here.
The orc barely misses you.
You climb upwards.
There is a stone staircase leading down here.
You closely miss the orc. The orc hits you with a +0 flail.
* * * LOW HITPOINT WARNING * * *
Unknown command.
You barely miss the orc. The orc barely misses you.
The orc hits you with a +0 flail.
* * * LOW HITPOINT WARNING * * *
Unknown command.
You barely miss the orc. The orc barely misses you.
Unknown command.
You hit the orc. The orc barely misses you.
You hit the orc but do no damage. The orc closely misses you.
You hit the orc. The orc closely misses you.
You hit the orc but do no damage. The orc hits you but does no damage.
The orc hits you with a +0 flail.
* * * LOW HITPOINT WARNING * * *
Unknown command.
You hit the orc.
You kill the orc!
Things that are here:
a +0 flail {mace}; a +0 ring mail You start resting.
h - a +0 flail {mace}
h - a +0 flail (weapon)
{mace}
There is a stone staircase leading down here.
You climb downwards.
The orc misses you.
There is a stone staircase leading up here.
Danger!
You barely miss the orc. The orc hits you with a +0 morningstar.
The orc closely misses you.
You hit the orc but do no damage. The orc barely misses you.
You sock the orc!
You kill the orc!
Unknown command.
You completely miss the orc. The orc misses you.
You hit the orc. The orc hits you with a +0 mace.
You barely miss the orc. The orc closely misses you.
You barely miss the orc. The orc hits you with a +0 mace. x2
* * * LOW HITPOINT WARNING * * *
You hit the orc. The orc hits you but does no damage.
Unknown command.
You hear the crackle of electricity.
d - a +2 short sword of electrocution (weapon)
{short} You barely miss the orc.
The orc hits you with a +0 mace.
* * * LOW HITPOINT WARNING * * *
You closely miss the orc. The orc hits you but does no damage.
You closely miss the orc. The orc barely misses you.
The orc hits you with a +0 mace!
* * * LOW HITPOINT WARNING * * *
You barely miss the orc. The orc hits you with a +0 mace.
* * * LOW HITPOINT WARNING * * *
Unknown command.
You hit the orc but do no damage. The orc barely misses you.
You barely miss the orc. The orc closely misses you.
You hit the orc but do no damage. The orc hits you with a +0 mace.
You die...

Skill      XL: |  1  2 |
---------------+-------+-----
Maces & Flails | 4 |  4.7
Fighting       | |  3.2
Dodging        | |  2.4
Stealth        | |  2.1

Action                   || total
-------------------------++-------
Melee: Mace              ||    95
       Flail             ||     8
       Short sword       ||     7
 Stab: Sleeping          ||     3
Armor: Robe              ||    33
Dodge: Dodged            ||    72

Levels and vault maps discovered:
D:1:      giann_wishing_wells, layout_basic,
          dreamdust_ecumenical_altar_drowned_temple, serial_shops,
          nicolae_shop_statue_plus
D:2:      layout_basic, basic_altar

Notes
Turn   | Place    | Note
-------+----------+-------------------------------------------
     0 | D:1      | Sobieck the Gargoyle Monk began the quest for the Orb.
     0 | D:1      | Reached XP level 1. HP: 14/14 MP: 1/1
   100 | D:1      | Found a faded altar of an unknown god.
   195 | D:1      | Found Iruonavi's Weapon Shoppe.
   475 | D:1      | Reached XP level 2. HP: 19/19 MP: 2/2
  1190 | D:1      | Reached skill level 4 in Maces & Flails
  1327 | D:2      | Reached XP level 3. HP: 7/23 MP: 3/3
  1337 | D:1      | HP: 4/23 [orc (2)]
  1342 | D:1      | HP: 1/23 [orc (4)]
  1669 | D:2      | HP: 4/23 [orc (7)]
  1673 | D:2      | Slain by an orc

Vanquished Creatures
  An orc priest (D:2)
  2 orcs
  2 goblins (D:1)
  A hobgoblin (D:1)
  3 jackals (D:1)
  2 ball pythons (D:1)
  3 bats (D:1)
  A frilled lizard (D:1)
  3 kobolds (D:1)
  5 rats (D:1)
  A spectral kobold (D:1)
24 creatures vanquished.

Table legend:
 A = Non-vault XP
 B = Vault XP
 C = Vault XP percentage of total XP
 D = Non-vault monster count
 E = Vault monster count
 F = Vault count percentage of total count
                 A         B        C        D         E       F
            +---------+---------+-------+---------+---------+-------
      Total |      77 |       1 |   1.3 |      23 |       1 |   4.2
            +---------+---------+-------+---------+---------+-------
        D:1 |      31 |       1 |   3.1 |      21 |       1 |   4.5
        D:2 |      46 |       0 |   0.0 |       2 |       0 |   0.0
            +---------+---------+-------+---------+---------+-------

Illustrated notes

Table legend:
 A = Kills in this place as a percentage of kills in entire the game.
 B = Kills by you in this place as a percentage of kills by you in the entire game.
 C = Kills by friends in this place as a percentage of kills by friends in the entire game.
 D = Other kills in this place as a percentage of other kills in the entire game.
 E = Experience gained in this place as a percentage of experience gained in the entire game.
 F = Experience gained in this place divided by the number of levels of this place that you have seen.
                   A       B       C       D       E      F
               +-------+-------+-------+-------+-------+----------------------
         Total | 100.0 | 100.0 |   N/A |   N/A | 100.0 |  39.0
       Dungeon | 100.0 | 100.0 |   N/A |   N/A | 100.0 |  39.0
               +-------+-------+-------+-------+-------+----------------------

Table legend: (Time is in decaauts)
 A = Elapsed time spent in this place.
 B = Non-inter-level travel time spent in this place.
 C = Inter-level travel time spent in this place.
 D = Time resting spent in this place.
 E = Time spent auto-exploring this place.
 F = Levels seen in this place.
 G = Mean time per level.
                   A        B        C        D        E       F      G
               +--------+--------+--------+--------+--------+-----+--------+
         Total |   1704 |   1682 |     22 |    642 |    781 |   2 |  852.0 |
       Dungeon |   1704 |   1682 |     22 |    642 |    781 |   2 |  852.0 |
               +--------+--------+--------+--------+--------+-----+--------+

Top non-repeatable levels by time:
     D:1: 1633 daAuts
     D:2: 71 daAuts
